 Dungeon Crawl Stone Soup version 0.27-a0-1359-ga2a4dfd6fd (webtiles) character file.

Game seed: 12525355556793383365

13154 DonnieDarkness the Basher (level 12, -9/97 HPs)
             Began as a Ghoul Fighter on June 28, 2021.
             Was an Initiate of Gozag.
             Mangled by a death yak (19 damage)
             ... in a Gauntlet.
             The game lasted 00:28:45 (10409 turns).

DonnieDarkness the Basher (Ghoul Fighter)          Turns: 10409, Time: 00:28:46

Health: -9/97      AC: 17    Str: 25      XL:     12   Next: 3%
Magic:  11/11      EV:  9    Int:  2 (3)  God:    Gozag
Gold:   1201       SH: 10    Dex:  8      Spells: 11/11 levels left

rFire    + . .     SeeInvis +   g - +2 flail (venom)
rCold    + + .     Faith    .   c - +0 kite shield
rNeg     + + +     Spirit   .   k - +0 plate armour of Hangman {rElec Regen+}
rPois    ∞         Reflect  .   d - +1 helmet
rElec    +         Harm     .   v - +0 cloak
rCorr    +         Rampage  .   (no gloves)
Will     .....     NoTele   +   (no boots)
Stlth    ..........             (no amulet)
HPRegen  0.00/turn              i - ring of see invisible
MPRegen  0.12/turn              u - +4 ring of evasion

@: mighty, brilliant, resistant
A: claws 1, cold resistance 1, negative energy resistance 3, inhibited
regeneration, torment resistance 2
a: Renounce Religion, Potion Petition, Call Merchant, Bribe Branch


You were in a Gauntlet.
You worshipped Gozag.
Gozag was most pleased with you.
You visited 3 branches of the dungeon, and saw 13 of its levels.
You also visited: Gauntlet.

You collected 2472 gold pieces.
You spent 49 gold pieces at shops.
You paid 1222 gold pieces to Gozag.

Inventory:

Hand Weapons
 a - a +0 war axe
 g - a +2 flail of venom (weapon)
Missiles
 h - 3 throwing nets
 y - 5 curare-tipped darts (quivered)
Armour
 c - a +0 kite shield (worn)
 d - a +1 helmet (worn)
 k - the +0 plate armour of Hangman (worn) {rElec Regen+}
   (You found it on level 5 of the Dungeon)

   rElec:     It insulates you from electricity.
   Regen:     It increases your rate of health regeneration.
 v - a +0 cloak (worn)
Jewellery
 e - the brooch of Shielding {Spirit SH+8}
   (You found it in a Gauntlet)

   [amulet of guardian spirit]

   It causes incoming damage to be divided between your reserves of health and
   magic.SH: It affects your SH (+8).
 i - a ring of see invisible (left claw)
 o - a ring of protection from cold
 q - a ring of ice
 u - a +4 ring of evasion (right claw)
 B - a ring of protection from cold
Wands
 x - a wand of iceblast (9)
Scrolls
 b - 3 scrolls of amnesia
 f - 2 scrolls of noise
 l - a scroll of immolation
 n - 2 scrolls of enchant weapon
 p - a scroll of teleportation
 s - 5 scrolls of vulnerability
 w - a scroll of enchant armour
 A - 2 scrolls of blinking {unknown}
Potions
 j - a potion of flight {unknown}
 m - a potion of cancellation {unknown}
 r - 2 potions of degeneration
 t - a potion of resistance


   Skills:
 + Level 6.9 Fighting
 * Level 9.0(10.7) Axes
 + Level 9.5(11.0) Maces & Flails
 + Level 7.8 Armour
 + Level 0.2 Dodging
 + Level 6.8 Shields
 * Level 4.2 Evocations


You had 11 spell levels left.
You didn't know any spells.
Your spell library was empty.

Dungeon Overview and Level Annotations

Branches:
Dungeon (11/15)            Temple (1/1) D:5            Lair (1/6) D:9
Gauntlet (1/1)
    Orc: D:9-12

Altars:
Ashenzari
Cheibriados
Dithmenos
Elyvilon
Fedhas
Gozag
Hepliaklqana
Kikubaaqudgha
Makhleb
Nemelex Xobeh
Okawaru
Qazlal
Ru
Sif Muna
Trog
Uskayaw
Vehumet
Wu Jian
Xom
Yredelemnul
Zin
The Shining One

Shops:
D:9 ?

Annotations:
D:4 2 transporters, LeiaKenobi's ghost, amateur HOFi Gauntlet 7 transporters, 1 runed translucent door


Innate Abilities, Weirdness & Mutations

You thrive by killing the living.
You are immune to poison.
You have sharp fingernails.
Your flesh is cold resistant. (rC+)
You are immune to negative energy. (rN+++)
You do not regenerate when monsters are visible.
You are immune to unholy pain and torment.


Message History

e - the brooch of Shielding {Spirit SH+8} The death yak closely misses you.
The death yak gores you!! The death yak barely misses you.
You start putting on your amulet.
You continue putting on the brooch of Shielding {Spirit SH+8}.
The death yak gores you!
Keep equipping yourself? [Y]es or [N]o only, please.
Keep equipping yourself? [Y]es or [N]o only, please.
Keep equipping yourself?
You stop putting on your amulet.
The death yak gores you. You block the death yak's attack.
Okay, then. [a] - 672 gold - haste, resistance and might [b] - 130 gold - heal wounds [c] - 200 gold - might and brilliance Purchase which effect?
You feel much better. The death yak gores you!!
You block the death yak's attack.
Cornered, the death yak turns to fight!
The death yak barely misses you.
You sock the death yak!
The death yak is lightly wounded.
The death yak gores you! The death yak barely misses you.
The death yak gores you!
You thump the death yak!
The death yak is poisoned.
The death yak is moderately wounded.
The death yak gores you but does no damage. x2
The death yak gores you!!
* * * LOW HITPOINT WARNING * * *
Unknown command. [a] - 1044 gold - brilliance, magic, resistance, might and haste [b] - 468 gold - might, brilliance and resistance [c] - 336 gold - might, brilliance and magic Purchase which effect?
You feel very mighty all of a sudden.
You feel clever all of a sudden.
You feel protected. The death yak closely misses you. The death yak gores you!!
You die...
Your body crumbles into a pile of gold.

#..###..#.#.##..###..#..#..
#....#..#.##B.©####..#5..#.
#...©#..###########..######
#....#.....................
#....#.∩...................
#...©#..#########..########
#....#..###...###..#©#.#^..
...###..###Y..###..##..#.#.
#.. #§..##@##+..####...#.#.
.. ##..#YY#©#..#©©####©^#.
#§..##$'##.p####^..^.#.
##§.###.Y.###..#.####..
#§§.###...###..#.......
##§.#########..########
#≈.....................
##.....§.....§.........
#§#≈#≈#§#≈#≈#≈#≈#≈#≈#§


You could see 4 death yaks, an entropy weaver and a necromancer.

Vanquished Creatures
  Josephine (D:10)
  Harold (D:10)
  A boulder beetle (D:11)
  A two-headed ogre (D:9)
  Sonja (D:10)
  A centaur zombie (D:6)
  Maggie (D:10)
  3 trolls
  3 hornets
  Sigmund (D:3)
  A wyvern (D:8)
  2 shadows (D:10)
  6 wraiths
  12 yaks
  A neqoxec (Gauntlet)
  2 steam dragons
  A basilisk (D:9)
  3 chaos spawn (Gauntlet)
  2 orc warriors (D:10)
  2 ice beasts
  A sky beast (D:6)
  A black bear (D:7)
  4 centaurs
  2 ogres (D:5)
  A phantom (D:4)
  4 bullfrogs
  2 kobold brigands
  3 scorpions
  A gnoll sergeant (D:5)
  A water moccasin skeleton (D:4)
  A killer bee (D:7)
  14 wights
  10 howler monkeys
  A gnoll shaman (D:7)
  3 hounds
  3 orc priests
  5 jellies
  2 centaur skeletons
  Jessica (D:3)
  A bullfrog skeleton (D:5)
  6 orc wizards
  2 iguanas
  2 killer bee zombies
  Robin (D:2)
  10 gnolls
  6 adders
  A howler monkey skeleton (D:6)
  A white imp (D:7)
  2 ufetubi
  An adder skeleton (D:4)
  A worm (D:2)
  2 dart slugs (D:1)
  19 orcs
  5 bats
  7 endoplasms
  3 giant cockroaches
  14 goblins
  10 hobgoblins
  3 quokkas
  6 ball pythons
  2 frilled lizards
  21 kobolds
  7 rats
  A spectral orc (D:4)
240 creatures vanquished.

Vanquished Creatures (collateral kills)
  2 gnolls (D:2)
  An adder (D:2)
3 creatures vanquished.

Vanquished Creatures (others)
  An ice beast (D:7)
  2 orcs (D:7)
  A demonic plant (Gauntlet)
  3 plants
7 creatures vanquished.

Grand Total: 250 creatures vanquished

Notes
Turn   | Place    | Note
-------+----------+-------------------------------------------
     0 | D:1      | DonnieDarkness the Ghoul Fighter began the quest for the
                  | Orb.
     0 | D:1      | Reached XP level 1. HP: 19/19 MP: 0/0
    71 | D:1      | Found a faded altar of an unknown god.
   294 | D:1      | Reached XP level 2. HP: 26/26 MP: 1/1
   860 | D:2      | Reached XP level 3. HP: 31/31 MP: 2/2
   860 | D:2      | Noticed Robin
   869 | D:2      | Killed Robin
  1203 | D:2      | Reached XP level 4. HP: 38/38 MP: 3/3
  2262 | D:3      | Noticed Sigmund
  2279 | D:3      | Killed Sigmund
  2280 | D:3      | Reached skill level 5 in Axes
  2280 | D:3      | Reached skill level 1 in Maces & Flails
  2280 | D:3      | Reached XP level 5. HP: 27/45 MP: 4/4
  2280 | D:3      | Reached XP level 6. HP: 30/51 MP: 5/5
  2608 | D:3      | Noticed Jessica
  2616 | D:3      | Killed Jessica
  2625 | D:3      | Found a shimmering blue altar of Sif Muna.
  3024 | D:4      | Found a basalt altar of Yredelemnul.
  3036 | D:4      | Reached XP level 7. HP: 43/58 MP: 6/6
  3122 | D:4      | Found an ancient bone altar of Kikubaaqudgha.
  3363 | D:4      | Found a transporter.
  3365 | D:4      | Noticed LeiaKenobi's ghost (amateur HOFi)
  3377 | D:4      | Found a transporter.
  3506 | D:5      | Entered Level 5 of the Dungeon
  3718 | D:5      | Reached XP level 8. HP: 59/66 MP: 7/7
  3814 | D:5      | You fall into a shaft and drop 2 floors!
  4076 | D:5      | Found a broken altar of Ashenzari.
  4076 | D:5      | Found a sacrificial altar of Ru.
  4194 | D:5      | Found a staircase to the Ecumenical Temple.
  4200 | Temple   | Entered the Ecumenical Temple
  4257 | Temple   | Became a worshipper of Gozag Ym Sagoz the Greedy
  4392 | D:5      | Noticed a yak
  4477 | D:5      | Killed a yak
  4517 | D:5      | Identified the +0 plate armour of Hangman {rElec Regen+}
  4828 | D:5      | Found a shimmering blue altar of Sif Muna.
  4830 | D:5      | Found a sparkling altar of Nemelex Xobeh.
  4830 | D:5      | Found an ornate altar of the Wu Jian Council.
  4832 | D:5      | Found a shimmering altar of Xom.
  4832 | D:5      | Found an iron altar of Okawaru.
  4832 | D:5      | Found a bloodstained altar of Trog.
  5236 | D:6      | Reached skill level 5 in Maces & Flails
  5333 | D:6      | Reached skill level 5 in Armour
  5333 | D:6      | Reached XP level 9. HP: 47/72 MP: 8/8
  6548 | D:7      | Reached skill level 5 in Fighting
  6673 | D:7      | Reached skill level 5 in Shields
  6790 | D:7      | Reached XP level 10. HP: 30/81 MP: 9/9
  6938 | D:7      | Identified the +0 pair of boots of Past Mistakes {rPois
                  | rCorr Str-5 Int+5}
  7442 | D:8      | Identified the +0 pair of gloves of Music {+Inv rN+ Str-5
                  | Dex+4}
  7447 | D:8      | Found a sparkling altar of Nemelex Xobeh.
  7592 | D:8      | Found an iron altar of Okawaru.
  7706 | D:8      | Reached skill level 1 in Evocations
  7739 | D:8      | Identified a scroll of acquirement
  7744 | D:8      | Acquired 825 gold pieces
  8141 | D:9      | Noticed an angel
  8421 | D:9      | Found Nookoidgh's Magic Scroll Emporium.
  8425 | D:9      | Bought a scroll of fear for 49 gold pieces
  8473 | D:9      | Noticed a two-headed ogre
  8482 | D:9      | Killed a two-headed ogre
  8483 | D:9      | Reached XP level 11. HP: 83/89 MP: 10/10
  8652 | D:9      | Found a staircase to the Lair.
  8748 | D:10     | Entered Level 10 of the Dungeon
  8851 | D:10     | Noticed Sonja
  8853 | D:10     | Killed Sonja
  8861 | D:10     | Noticed Maggie
  8873 | D:10     | Killed Maggie
  8933 | D:10     | Noticed Josephine
  9104 | D:10     | Noticed Harold
  9118 | D:10     | Killed Harold
  9356 | D:10     | Killed Josephine
  9718 | D:11     | Noticed a boulder beetle
  9735 | D:11     | Killed a boulder beetle
 10089 | Lair:1   | Entered Level 1 of the Lair of Beasts
 10117 | Lair:1   | Found a gate leading to a gauntlet.
 10126 | Gauntlet | Entered a Gauntlet
 10126 | Gauntlet | Found a transporter.
 10126 | Gauntlet | Found a transporter.
 10127 | Gauntlet | Found a transporter.
 10128 | Gauntlet | Found a transporter.
 10130 | Gauntlet | Found a transporter.
 10131 | Gauntlet | Found a transporter.
 10139 | Gauntlet | Found a transporter.
 10140 | Gauntlet | Found a transporter.
 10142 | Gauntlet | Found a transporter.
 10142 | Gauntlet | Found a transporter.
 10145 | Gauntlet | Noticed a death yak
 10146 | Gauntlet | Found a runed translucent door.
 10146 | Gauntlet | Noticed a death yak
 10147 | Gauntlet | Noticed an entropy weaver
 10147 | Gauntlet | Noticed a death yak
 10147 | Gauntlet | Noticed a death yak
 10148 | Gauntlet | Found a runed translucent door.
 10148 | Gauntlet | Noticed a necromancer
 10150 | Gauntlet | Found the brooch of Shielding {Spirit SH+8}
 10150 | Gauntlet | Found a transporter.
 10150 | Gauntlet | Found a transporter.
 10383 | Gauntlet | Reached XP level 12. HP: 97/97 MP: 11/11
 10409 | Gauntlet | Mangled by a death yak

Illustrated notes

Levels and vault maps discovered:
D:1:      heliophobic_arrival_enchanted_forest, layout_loops_ring,
          chequers_ecumenical_altar_lobes
D:2:      layout_loops_ring, uniq_robin
D:3:      layout_rooms, tgw_sif, minmay_hedge_maze, uniq_sigmund
D:4:      layout_basic, lemuel_round_altar, yredelemnul_forgotten_temple_becter,
          gammafunk_ghost_stat_death
D:5:      minmay_clustersquares, layout_loops_ring, doesnt_xom_only_xom,
          gammafunk_temple_overflow_elements, minmay_temple_entry_hall,
          water_maze_lemuel
D:6:      cheibrodos_two_vegetables, layout_loops_ring
D:7:      layout_basic, st_stairs_14
D:8:      layout_loops_ring, kennysheep_okawaru_gauntlet,
          nemelex_diamond_rough_becter
D:9:      layout_roguey, zin_angel, lair_entry_dummy, serial_shops, shop
D:10:     layout_rooms, grunt_decor_junction, uniq_sonja, uniq_josephine,
          uniq_maggie, uniq_harold
D:11:     layout_cave_pools
Temple:   dshaligram_water_room_temple
Lair:1:   layout_chaotic_city, gauntlet_entry_generic, minmay_lair_oklob_chamber
Gauntlet: minmay_gauntlet_mixed_big_or_small [gammafunk_gauntlet_arena_split_x,
          minmay_gauntlet_arena_77_two_paths, gammafunk_gauntlet_arena_chambers,
          minmay_gauntlet_arena_77_radiant_squares,
          gammafunk_gauntlet_arena_crates, minmay_gauntlet_arena_77_cramped,
          nicolae_gauntlet_exit_dead_adventurers]

Skill      XL: |  1  2  3  4  5  6  7  8  9 10 11 |
---------------+----------------------------------+-----
Axes           | 2 3 5 6 7 8 9 |  9.0
Maces & Flails | 1 2 3 5 6 8 9 |  9.5
Armour         | 3 5 6 7 |  7.8
Shields        | 3 4 5 6 |  6.8
Fighting       | 4 5 6 |  6.9
Evocations     | 2 4 |  4.2
Dodging        | |  0.2

Action                   |  1- 3 |  4- 6 |  7- 9 | 10-12 || total
-------------------------+-------+-------+-------+-------++-------
Melee: War axe           |    88 |    16 |       |       ||   104
       Flail             |       |    91 |   341 |   425 ||   857
Throw: Dart              |       |       |       |     2 ||     2
Invok: Potion Petition   |       |       |       |     4 ||     4
Evoke: Wand              |       |       |       |     6 ||     6
  Use: Potion            |     1 |     1 |     1 |     4 ||     7
       Scroll            |       |     5 |     3 |    15 ||    23
 Stab: Invisible         |       |       |     1 |       ||     1
       Distracted        |       |       |       |     3 ||     3
Armor: Scale mail        |    41 |    54 |   119 |       ||   214
       Plate armour      |       |       |    89 |   166 ||   255
Dodge: Dodged            |    28 |    44 |   138 |   120 ||   330
Block: Kite shield       |    49 |    63 |   213 |   196 ||   521

Table legend: (Time is in decaauts)
 A = Elapsed time spent in this place.
 B = Non-inter-level travel time spent in this place.
 C = Inter-level travel time spent in this place.
 D = Time resting spent in this place.
 E = Time spent auto-exploring this place.
 F = Levels seen in this place.
 G = Mean time per level.
                   A        B        C        D        E       F      G
               +--------+--------+--------+--------+--------+-----+--------+
         Total |  10712 |  10387 |    325 |   1050 |   6647 |  14 |  765.1 |
       Dungeon |  10314 |   9989 |    325 |    980 |   6599 |  11 |  937.6 |
        Temple |     76 |     76 |      0 |      0 |     48 |   1 |   76.0 |
          Lair |     36 |     36 |      0 |      0 |      0 |   1 |   36.0 |
      Gauntlet |    283 |    283 |      0 |     70 |      0 |   1 |  283.0 |
               +--------+--------+--------+--------+--------+-----+--------+

Top non-repeatable levels by time:
     D:6: 1807 daAuts
     D:2: 1351 daAuts
     D:5: 1049 daAuts
     D:7: 912 daAuts
    D:10: 891 daAuts
     D:1: 889 daAuts
     D:4: 806 daAuts
     D:8: 767 daAuts
     D:9: 737 daAuts
     D:3: 598 daAuts
    D:11: 502 daAuts
Gauntlet: 283 daAuts
  Temple: 76 daAuts
  Lair:1: 36 daAuts
